 Dungeon Crawl Stone Soup version 0.29-a0-90-gc37658a0fe (webtiles) character file.

Game seed: 10900308530209637736

46 porpoise the Sneak (level 3, 0/29 HPs)
             Began as a Demonspawn Brigand on Feb 7, 2022.
             Slain by an iguana (10 damage)
             ... on level 2 of the Dungeon.
             The game lasted 00:04:37 (1680 turns).

porpoise the Sneak (Demonspawn Brigand)             Turns: 1680, Time: 00:04:38

Health: 0/29       AC:  6    Str: 13    XL:     3   Next: 44%
Magic:  3/3        EV: 10    Int: 12    God:
Gold:   66         SH:  0    Dex: 14    Spells: 2/2 levels left

rFire   . . .      SeeInvis .     - Unarmed
rCold   . . .      Faith    .   (no shield)
rNeg    . . .      Spirit   .   l - +0 ring mail
rPois   .          Reflect  .   (no helmet)
rElec   .          Harm     .   c - +0 cloak
rCorr   .          Rampage  .   (no gloves)
Will    .....                   (no boots)
Stlth   ++........              (no amulet)
HPRegen 0.09/turn               (no ring)
MPRegen 0.08/turn               (no ring)

@: no status effects
A: claws 1
a: no special abilities


You were on level 2 of the Dungeon.
You visited 1 branch of the dungeon, and saw 2 of its levels.

You collected 66 gold pieces.

Inventory:

Hand Weapons
 a - a +2 dagger
Missiles
 b - 3 boomerangs
 d - 11 poisoned darts (quivered)
 e - 2 curare-tipped darts
 f - 57 stones
 g - 65 arrows
Armour
 c - a +0 cloak (worn)
 l - a +0 ring mail (worn)
Scrolls
 h - a scroll of identify {unknown}
 i - a scroll of silence {unknown}
 j - a scroll of immolation {unknown}
Potions
 k - a potion of curing


   Skills:
 * Level 3.0 Fighting
 - Level 2.0 Short Blades
 - Level 1.7 Throwing
 - Level 0.8 Dodging
 + Level 3.9 Stealth
 * Level 1.2 Unarmed Combat


You had 2 spell levels left.
You didn't know any spells.
Your spell library was empty.

Dungeon Overview and Level Annotations

Branches:
Dungeon (2/15)

Altars:

Shops:
D:1 *


Innate Abilities, Weirdness & Mutations

You have sharp fingernails.


Message History

Unknown command.
There is a large open door here.
Throw: 13 darts (poison)
Press: ? - help, Q - select action, (/) - cycle Shift-Dir - straight line, f - iguana
Aim: an iguana (black smoke, 63% to hit)
You throw a poisoned dart. The poisoned dart hits the iguana.
The iguana is poisoned.
Throw: 12 darts (poison)
Press: ? - help, Q - select action, (/) - cycle Shift-Dir - straight line, f/p - iguana
Aim: an iguana (poisoned, 63% to hit)
You throw a poisoned dart.
The poisoned dart closely misses the iguana.
You hit the iguana but do no damage.
The iguana is lightly wounded.
The iguana bites you.
You hit the iguana but do no damage.
The iguana is lightly wounded.
The iguana closely misses you.
You barely miss the iguana.
The iguana is lightly wounded.
The iguana bites you!
You hit the iguana.
The iguana is moderately wounded.
You hit the iguana.
The iguana is heavily wounded.
The iguana bites you but does no damage.
You hit the iguana but do no damage.
The iguana is heavily wounded.
The iguana looks more healthy.
The iguana bites you!
* * * LOW HITPOINT WARNING * * *
It was a potion of curing.
You feel better. The iguana bites you!
You closely miss the iguana.
The iguana is heavily wounded.
The iguana hisses menacingly.
The iguana barely misses you.
You are now empty-clawed.
You barely miss the iguana.
The iguana is heavily wounded.
The iguana bites you!
You die...

#####.# §≈§≈≈≈..≈≈≈§≈≈≈
#.###### ...##.##
≈≈§≈≈≈§(≈≈§≈≈≈≈##.# #
##.##..##≈≈§≈≈§§.≈≈≈≈≈§##..#
#
##..##≈≈≈§§§§≈≈≈≈≈##..#######
##..##≈≈§≈§§§≈≈≈##÷.........
##..##≈§§§(§§≈##..#########
.......#..####''####...#
.......##..###.l#....#.#
....... ##..##.@..####.##
....... ##.#####.#.....#
....... #.## #.#.....#
#..[### #..# #.#.....# ....
##.####.#.....#
#.....#.####.## #.....#.#
#.######## #.....#.#
#.......<# ###.###.#
##########


You could see an iguana.

Vanquished Creatures
  2 adders (D:2)
  A dart slug (D:1)
  An endoplasm (D:2)
  5 giant cockroaches (D:2)
  A hobgoblin (D:2)
  A quokka (D:1)
  4 ball pythons
  3 bats
  A frilled lizard (D:1)
  8 rats
27 creatures vanquished.

Notes
Turn   | Place    | Note
-------+----------+-------------------------------------------
     0 | D:1      | porpoise the Demonspawn Brigand began the quest for the
                  | Orb.
     0 | D:1      | Reached XP level 1. HP: 16/16 MP: 1/1
    21 | D:1      | Found Zihyc's Assorted Antiques.
   193 | D:1      | Found a faded altar of an unknown god.
   651 | D:1      | Gained mutation: You have sharp fingernails. [demonic
                  | ancestry]
   651 | D:1      | Reached XP level 2. HP: 23/23 MP: 2/2
  1114 | D:2      | Reached XP level 3. HP: 27/28 MP: 3/3
  1119 | D:2      | Reached skill level 1 in Unarmed Combat
  1547 | D:2      | Noticed a scorpion
  1680 | D:2      | Slain by an iguana

Illustrated notes

Levels and vault maps discovered:
D:1:      dpeg_arrival_ratfight, layout_loops_cross,
          hellmonk_ecumenical_altar_inner_sanctum, serial_shops,
          nicolae_shop_stone
D:2:      kennysheep_big_flooded_room, layout_basic

Skill      XL: |  1  2  3 |
---------------+----------+-----
Short Blades   | 2 |  2.0
Unarmed Combat | 1 |  1.2
Fighting       | 3 |  3.0
Throwing       | |  1.7
Dodging        | |  0.8
Stealth        | |  3.9

Action                   || total
-------------------------++-------
Melee: Dagger            ||    94
       Punch             ||     3
       Unarmed           ||     1
Throw: Dart              ||     7
  Use: Potion            ||     1
 Stab: Sleeping          ||     7
Armor: Robe              ||     6
       Ring mail         ||    24
Dodge: Dodged            ||    41

Table legend: (Time is in decaauts)
 A = Elapsed time spent in this place.
 B = Non-inter-level travel time spent in this place.
 C = Inter-level travel time spent in this place.
 D = Time resting spent in this place.
 E = Time spent auto-exploring this place.
 F = Levels seen in this place.
 G = Mean time per level.
                   A        B        C        D        E       F      G
               +--------+--------+--------+--------+--------+-----+--------+
         Total |   1669 |   1645 |     24 |    272 |   1093 |   2 |  834.5 |
       Dungeon |   1669 |   1645 |     24 |    272 |   1093 |   2 |  834.5 |
               +--------+--------+--------+--------+--------+-----+--------+

Top non-repeatable levels by time:
     D:2: 840 daAuts
     D:1: 828 daAuts
